 Dungeon Crawl Stone Soup version 0.29.1-2-gbd0b4ee654 (webtiles) character file.

Game seed: 11082220296779275110

914 mortz the Magician (level 8, -2/42 HPs)
             Began as a Kobold Earth Elementalist on Oct 27, 2022.
             Was an Initiate of Gozag.
             Killed by divine providence
             ... invoked by an orc priest
              (13 damage)
             ... on level 5 of the Dungeon.
             The game lasted 00:29:28 (6008 turns).

mortz the Magician (Kobold Earth Elementalist)      Turns: 6008, Time: 00:29:30

Health: -2/42      AC:  8    Str:  5      XL:     8   Next: 30%
Magic:  13/17      EV: 15    Int: 22      God:    Gozag
Gold:   485        SH:  5    Dex: 13 (16) Spells: 13/19 levels left

rFire   x . .      SeeInvis .   D - +9 war axe "Ceiresoi" {drain, rElec rF- Int+4 Stlth+}
rCold   . . .      Faith    .   (no shield)
rNeg    . . .      Spirit   .   a - +0 robe
rPois   .          Reflect  +   (no helmet)
rElec   +          Harm     .   k - +2 cloak
rCorr   .          Rampage  .   f - +2 pair of gloves
Will    .....                   (no boots)
Stlth   ++++......              c - amulet of reflection
HPRegen 0.14/turn               (no ring)
MPRegen 0.15/turn               (no ring)

@: no status effects
A: small, no large weapons, nightstalker 3
a: Renounce Religion, Potion Petition, Call Merchant, Bribe Branch


You were on level 5 of the Dungeon.
You worshipped Gozag.
Gozag was aware of your devotion.
You visited 2 branches of the dungeon, and saw 6 of its levels.
You also visited: Sewer.

You collected 561 gold pieces.
You paid 76 gold pieces to Gozag.

Inventory:

Hand Weapons
 d - a +0 mace
 g - a +0 sling
 l - a +0 short sword
 q - a +0 vorpal dagger
 r - a +0 dagger
 D - the +9 war axe "Ceiresoi" (weapon) {drain, rElec rF- Int+4 Stlth+}
   (You found it on level 4 of the Dungeon)

   A truly terrible weapon, it drains the life of any living foe it strikes.
   Int:       It affects your intelligence (+4).
   rF:        It makes you vulnerable to fire.
   rElec:     It insulates you from electricity.
   Stlth:     It makes you more stealthy.
Missiles
 j - 8 atropa-tipped darts
 t - 7 poisoned darts
Armour
 a - a +0 robe (worn)
 e - a +2 chain mail of cold resistance
 f - a +2 pair of gloves (worn)
 h - a +0 leather armour
 k - a +2 cloak (worn)
 o - a +0 scale mail
 v - the +0 buckler of the Fife {-Cast +Inv rElec Will+++}
   (You found it on level 4 of the Dungeon)

   rElec:     It insulates you from electricity.
   +Inv:      It lets you turn invisible.
   -Cast:     It prevents spellcasting.
   Will:      It greatly increases your willpower.
Magical Staves
 y - a staff of cold
Jewellery
 c - an amulet of reflection (around neck)
 n - an amulet of the acrobat
Wands
 x - a wand of flame (19)
Scrolls
 p - 2 scrolls of fear
 s - 3 scrolls of teleportation
 A - 2 scrolls of fog
 C - 2 scrolls of amnesia
Potions
 b - a potion of mutation
 i - a potion of berserk rage
 m - 2 potions of lignification
 u - 3 potions of might
 w - 3 potions of curing
 z - a potion of haste {unknown}
 B - a potion of magic
 E - a potion of flight {unknown}


   Skills:
 - Level 0.5 Fighting
 + Level 0.5 Short Blades
 - Level 1.2 Ranged Weapons
 - Level 0.1 Armour
 + Level 2.9 Dodging
 + Level 4.0 Stealth
 * Level 6.2 Spellcasting
 * Level 1.8 Conjurations
 * Level 2.7 Transmutations
 * Level 5.7 Earth Magic


You had 13 spell levels left.
You knew the following spells:

 Your Spells              Type           Power      Damage    Failure   Level
a - Sandblast             Erth           64%        2d14      1%          1
p - Passwall              Tmut/Erth      20%        N/A       2%          2
s - Stone Arrow           Conj/Erth      46%        3d9       5%          3

Your spell library contained the following spells:

 Spells                   Type           Power      Damage    Failure   Level
 Petrify                  Tmut/Erth      25%        N/A       16%         4


Dungeon Overview and Level Annotations

Branches:
Dungeon (5/15) Zot: 24646  Temple (1/1) D:4 Zot: 5837   Sewer (visited)

Altars:
Ashenzari
Cheibriados
Dithmenos
Fedhas
Gozag
Kikubaaqudgha
Makhleb
Ru
Uskayaw
Yredelemnul

Shops:
D:5 (

Annotations:
D:4 2 runed translucent doors, Dowan, Duvessa


Innate Abilities, Weirdness & Mutations

You are small and have problems with some larger weapons.
You are completely attuned to the shadows.


Message History

The blast of sand hits the quasit.
The quasit is moderately wounded.
The quasit closely misses you. x2; The quasit barely misses you.
The quasit bites you.
You feel clumsy. The quasit misses you. The quasit claws you.
You barely miss the quasit.
The quasit is moderately wounded.
The quasit bites you but does no damage.
The quasit claws you. The quasit barely misses you. The quasit misses you.
The quasit claws you. The quasit barely misses you.
You closely miss the quasit.
The quasit is moderately wounded.
The quasit bites you.
* * * LOW HITPOINT WARNING * * *
The quasit misses you. The quasit barely misses you.
Unknown command.
Okay, then.
Okay, then.
Casting: Sandblast (safe; 1% risk of failure)
Confirm with . or Enter, or press ? or * to list all spells.
Aiming: Passwall (safe; 2% risk of failure)
Press: ? - help, Dir - move target, p - quasit A rock wall.
The quasit completely misses you.
The quasit claws you but does no damage.
The quasit claws you.
* * * LOW HITPOINT WARNING * * *
You feel clumsy.
The quasit bites you but does no damage.
You block the quasit's attack. The quasit misses you.
You begin to meditate on the wall.
You continue meditating on the rock.
The quasit closely misses you. The quasit misses you. x2
You continue meditating on the rock.
The quasit misses you.
The quasit claws you but does no damage. x2
The orc priest invokes the aid of Beogh against you.
Beogh smites you!
You die...
Your body crumbles into a pile of gold.

......... .# .#
∩.÷...#.# ...# #..
.).[.)#.##....#.###..#
...#)............#..##
..##..#.........oo....
[...............$#####
$
.....####............
#########..##.#######
.... .....##oo5@....
##########.##########
...........#
############


You could see an orc priest, an orc wizard and a quasit.

Vanquished Creatures
  2 ogres
  2 centaurs (D:5)
  A phantom (D:5)
  2 howler monkeys
  A jelly (D:4)
  2 orc priests (D:5)
  A hound (D:3)
  An iguana (D:4)
  4 orc wizards (D:5)
  7 adders
  A river rat (Sewer)
  2 shadow imps (D:5)
  2 white imps (D:5)
  An ufetubus (D:5)
  2 worms (D:2)
  A dart slug (D:5)
  9 orcs
  3 bats
  5 endoplasms
  A giant cockroach (D:4)
  7 goblins
  5 hobgoblins
  6 jackals
  2 quokkas (D:4)
  7 ball pythons
  8 frilled lizards
  4 kobolds
  8 rats
97 creatures vanquished.

Vanquished Creatures (others)
  2 demonic plants (D:5)
  11 plants (D:5)
13 creatures vanquished.

Grand Total: 110 creatures vanquished

Notes
Turn   | Place    | Note
-------+----------+-------------------------------------------
     0 | D:1      | mortz the Kobold Earth Elementalist began the quest for the
                  | Orb.
     0 | D:1      | Reached XP level 1. HP: 10/10 MP: 3/3
   362 | D:1      | Found a faded altar of an unknown god.
   464 | D:1      | Reached XP level 2. HP: 11/15 MP: 5/5
  1027 | D:1      | Reached skill level 1 in Ranged Weapons
  1622 | D:2      | Reached XP level 3. HP: 20/20 MP: 4/6
  1625 | D:2      | Learned a level 2 spell: Passwall
  2447 | D:3      | Reached XP level 4. HP: 24/24 MP: 5/7
  2559 | D:3      | Found a broken altar of Ashenzari.
  2780 | D:3      | Found a glowing drain.
  2785 | Sewer    | Entered a sewer
  2816 | Sewer    | Reached skill level 3 in Spellcasting
  2816 | Sewer    | Reached XP level 5. HP: 28/28 MP: 7/9
  3698 | D:4      | Identified the +0 buckler of the Fife {-Cast +Inv rElec
                  | Will+++}
  3752 | D:4      | Noticed Duvessa
  3884 | D:4      | Reached XP level 6. HP: 33/33 MP: 6/11
  3888 | D:4      | Learned a level 3 spell: Stone Arrow
  4021 | D:4      | Found a staircase to the Ecumenical Temple.
  4027 | Temple   | Entered the Ecumenical Temple
  4179 | Temple   | Became a worshipper of Gozag Ym Sagoz the Greedy
  4192 | D:4      | Noticed an ogre
  4198 | D:4      | Killed an ogre
  4199 | D:4      | Reached skill level 4 in Spellcasting
  4256 | D:4      | Identified the +9 war axe "Ceiresoi" {drain, rElec rF-
                  | Int+4 Stlth+}
  4269 | D:4      | Found a large runed translucent door.
  4269 | D:4      | Found a large runed translucent door.
  4926 | D:4      | Found an ancient bone altar of Kikubaaqudgha.
  5072 | D:4      | Noticed Dowan
  5128 | D:5      | Entered Level 5 of the Dungeon
  5147 | D:5      | Reached skill level 1 in Conjurations
  5147 | D:5      | Reached XP level 7. HP: 34/37 MP: 8/13
  5204 | D:5      | Found Mesh's Weapon Shoppe.
  5326 | D:5      | Reached skill level 5 in Earth Magic
  5366 | D:5      | Reached skill level 5 in Spellcasting
  5700 | D:5      | Found a blossoming altar of Fedhas.
  5757 | D:5      | Reached XP level 8. HP: 42/42 MP: 13/16
  5877 | D:5      | Reached skill level 6 in Spellcasting
  6008 | D:5      | Killed from afar by an orc priest

Illustrated notes

Levels and vault maps discovered:
D:1:      denvon_arrival_planthouse, layout_basic,
          hellmonk_ecumenical_altar_crossroads, ebering_dispersal_statue_hall,
          reono_crystal_passage
D:2:      layout_rooms
D:3:      layout_basic, mainiacjoe_overflow_cross_hatched, portal_sewer_entry_e
D:4:      layout_loops_corners, mainiacjoe_overflow_alcove_4,
          jmf_multi_god_temple2, minmay_temple_entry_mini_moons, uniq_duvessa
D:5:      layout_loops_ring, pdpol_wu_jian_five_deadly_venoms,
          nicolae_qazlal_general_emergency, mainiacjoe_overflow_boulevard,
          nicolae_hepliaklqana_hazy_memory, serial_demonic, serial_demonic_d,
          serial_demonic_b, serial_demonic_g, serial_demonic_b, serial_shops,
          nicolae_shop_bloodbath_and_beyond
Temple:   nicolae_temple_great_sept

Skill      XL: |  1  2  3  4  5  6  7  8 |
---------------+-------------------------+-----
Ranged Weapons | 1 |  1.2
Stealth        | 3 4 |  4.0
Spellcasting   | 3 4 5 6 |  6.2
Earth Magic    | 4 5 |  5.7
Transmutations | 2 |  2.7
Conjurations   | 1 |  1.8
Fighting       | |  0.5
Short Blades   | |  0.5
Armour         | |  0.1
Dodging        | |  2.9

Action                   |  1- 3 |  4- 6 |  7- 9 || total
-------------------------+-------+-------+-------++-------
Melee: Mace              |     7 |       |       ||     7
       Punch             |     1 |       |       ||     1
       Dagger            |     5 |     9 |       ||    14
       War axe           |       |    11 |    11 ||    22
 Fire: Sling             |    36 |       |       ||    36
 Cast: Sandblast         |    14 |    65 |    40 ||   119
       Passwall          |       |       |     1 ||     1
  Use: Scroll            |     6 |    10 |     1 ||    17
       Potion            |       |     1 |     1 ||     2
 Stab: Sleeping          |     5 |    14 |     2 ||    21
Armor: Chain mail        |    64 |       |       ||    64
       Robe              |     4 |     9 |    17 ||    30
Dodge: Dodged            |    14 |    38 |    35 ||    87
Block: Other             |       |     4 |    10 ||    14
       Reflection        |       |       |     1 ||     1
